 Dungeon Crawl Stone Soup version 0.19.5 (webtiles) character file.

3192 Inarius the Cleaver (level 9, -10/79 HPs)
             Began as a Minotaur Fighter on May 5, 2017.
             Was a Follower of Nemelex Xobeh.
             Mangled by an orc warrior
             ... wielding a +0 halberd
              (16 damage)
             ... in a bailey.
             The game lasted 00:19:08 (6223 turns).

Inarius the Cleaver (Minotaur Fighter)              Turns: 6223, Time: 00:19:09

Health: -10/79     AC: 14    Str: 21    XL:     9   Next: 64%
Magic:  10/10      EV:  5    Int:  7    God:    Nemelex Xobeh [*.....]
Gold:   418        SH: 11    Dex: 13    Spells: 0 memorised, 8 levels left

rFire  + . .     SeeInvis .     a - +0 war axe
rCold  + . .     Gourm    .     l - +1 plate armour
rNeg   . . .     Faith    .     c - +0 shield
rPois  +         Spirit   .     (helmet restricted)
rElec  +         Reflect  .     (no cloak)
rCorr  +         Harm     .     (no gloves)
MR     .....                    (no boots)
Stlth  ..........               (no amulet)
                                (no ring)
                                (no ring)

@: resistant
A: retaliatory headbutt, horns 2, agile 1
a: Renounce Religion


You were in a bailey.
You worshipped Nemelex Xobeh.
Nemelex Xobeh was aware of your devotion.
You were not hungry.

You visited 2 branches of the dungeon, and saw 8 of its levels.
You also visited: Ossuary and Bailey.

You collected 418 gold pieces.

Inventory:

Hand Weapons
 a - a +0 war axe (weapon)
 B - a +1 whip of flaming
Armour
 c - a +0 shield (worn)
 l - a +1 plate armour (worn)
Wands
 n - a wand of slowing (23/48)
 q - a wand of acid (5/15)
 y - a wand of acid (11/15)
Scrolls
 e - a scroll of teleportation
 h - a scroll of recharging
 i - a scroll of blinking
 j - a scroll of magic mapping
 o - a scroll of enchant armour
 p - 2 scrolls of remove curse
 r - 2 scrolls of noise
Potions
 d - 5 potions of might
 g - a potion of resistance
 u - 2 potions of cure mutation {unknown}
 v - 2 potions of berserk rage
 w - 2 potions of magic {unknown}
 x - 2 potions of heal wounds {unknown}
 z - a potion of flight {unknown}
 A - 3 potions of curing
 C - a potion of haste {unknown}
Miscellaneous
 m - a plain deck of destruction
 t - a legendary deck of destruction {drawn: 3}
Comestibles
 b - a royal jelly
 f - 3 bread rations
 k - 2 beef jerkies
 s - 7 fruits


   Skills:
 + Level 7.1 Fighting
   Level 0.4 Short Blades
 + Level 10.5 Axes
 + Level 7.7 Armour
 + Level 1.4 Dodging
 + Level 0.3 Stealth
 + Level 7.7 Shields
 * Level 3.6 Invocations


You had 8 spell levels left.
You didn't know any spells.

Dungeon Overview and Level Annotations

Branches:
Dungeon (7/15)             Temple (1/1) D:5

Altars:
Ashenzari
Cheibriados
Dithmenos
Elyvilon
Fedhas
Gozag
Hepliaklqana
Kikubaaqudgha
Makhleb
Nemelex Xobeh
Okawaru
Qazlal
Ru
Sif Muna
Trog
Uskayaw
Vehumet
Xom
Yredelemnul
Zin
The Shining One

Shops:
D:6 (


Innate Abilities, Weirdness & Mutations

You reflexively headbutt those who attack you in melee.
You have a pair of horns on your head.
You are agile. (Dex +2)


Message History

You see here a spear.
The orc knight roars a battlecry!
The orc warrior no longer looks unusually strong.
The orc warrior hits you from afar with a glaive!
* * * LOW HITPOINT WARNING * * *
There is an open gate, spattered with blood here.
You feel better.
The orc no longer looks unusually strong.
The orc knight no longer looks unusually strong.
You block the orc warrior's attack.
The orc cheers loudly.
The orc warrior hits you from afar with a glaive!
* * * LOW HITPOINT WARNING * * *
An orc warrior comes into view. It is wielding a trident.
It was a potion of resistance.
You feel protected.
The orc warrior no longer looks unusually strong.
The orc warrior hits you from afar with a halberd!
You die...
Your body disappears without a glow.

#.......#
##.....##
##'''##
#§§§§.#
#§..§.#
#§§...#
#.....#
#.....#
##''@##
##.§§§o##
#.§oooo§#
#..o.§o.#
#...oo..#
#...))..#
#)......#
##...o.##
#'''''#


You could see 2 orc knights, 5 orc warriors and 3 orcs.

Vanquished Creatures
  Pikel (D:5)
  Sigmund (D:2)
  A slave (D:5)
  2 orc warriors (Bailey)
  3 ogres
  A phantom (D:7)
  A centaur (D:6)
  The ghost of execc the Conjurer, an amateur DECj (D:3)
  A bullfrog (D:6)
  2 scorpions (D:4)
  9 wights (D:6)
  A howler monkey (D:6)
  2 crimson imps
  2 centaur zombies
  A human zombie (Ossuary)
  2 jellies
  A hound (D:4)
  3 orc priests
  3 orc wizards
  A bullfrog skeleton (D:6)
  2 iguanas (D:6)
  2 worker ants
  Natasha (thrice) (D:2)
  A big kobold zombie (Ossuary)
  2 hound skeletons (D:6)
  2 mummies (Ossuary)
  Robin (D:2)
  6 adders
  3 oozes
  2 dart slugs
  2 leopard geckos (D:2)
  32 orcs
  11 giant cockroaches
  13 goblins
  6 hobgoblins
  11 jackals
  3 kobolds
  4 quokkas
  2 ball pythons
  9 bats
  7 frilled lizards
  A goblin zombie (Ossuary)
  10 hobgoblin zombies
  15 kobold zombies (Ossuary)
  A leopard gecko skeleton (D:6)
  5 orc zombies (Ossuary)
  A quokka skeleton (D:4)
  3 rats
  4 rat zombies (Ossuary)
203 creatures vanquished.

Vanquished Creatures (collateral kills)
  3 orc warriors (Bailey)
  2 orcs (Bailey)
5 creatures vanquished.

Vanquished Creatures (others)
  3 orc warriors (Bailey)
  A slave (D:5)
  A sky beast (D:5)
  2 orc wizards (D:5)
  A worker ant (D:5)
  7 orcs
15 creatures vanquished.

Grand Total: 223 creatures vanquished

Notes
Turn   | Place    | Note
-------+----------+-------------------------------------------
     0 | D:1      | Inarius the Minotaur Fighter began the quest for the Orb.
     0 | D:1      | Reached XP level 1. HP: 19/19 MP: 0/0
   126 | D:1      | Reached XP level 2. HP: 27/27 MP: 1/1
   190 | D:1      | Reached skill level 3 in Axes
   355 | D:1      | Reached XP level 3. HP: 29/33 MP: 2/2
   490 | D:1      | Found a shimmering altar of Xom.
   832 | D:2      | Noticed Natasha
   840 | D:2      | Killed Natasha
   999 | D:2      | Noticed Sigmund
  1017 | D:2      | Killed Sigmund
  1017 | D:2      | Reached skill level 4 in Axes
  1017 | D:2      | Reached XP level 4. HP: 31/41 MP: 3/3
  1017 | D:2      | Reached XP level 5. HP: 35/47 MP: 4/4
  1137 | D:2      | Gained mutation: You are agile. (Dex +2) [potion of beneficial mutation]
  1273 | D:2      | Noticed Natasha
  1290 | D:2      | Killed Natasha
  1290 | D:2      | Reached skill level 1 in Dodging
  1290 | D:2      | Reached skill level 5 in Shields
  1340 | D:2      | Reached skill level 5 in Axes
  1340 | D:2      | Reached skill level 5 in Armour
  1340 | D:2      | Reached XP level 6. HP: 53/53 MP: 5/5
  1375 | D:2      | Noticed Robin
  1388 | D:2      | Killed Robin
  1465 | D:2      | Noticed Natasha
  1474 | D:2      | Killed Natasha
  1682 | D:2      | Found a glowing golden altar of the Shining One.
  1962 | D:3      | Noticed execc's ghost (amateur DECj)
  1973 | D:3      | Killed execc's ghost
  2660 | D:4      | Reached XP level 7. HP: 60/60 MP: 6/6
  2665 | D:4      | Reached skill level 6 in Axes
  2693 | D:4      | Found a sand-covered staircase.
  2712 | Ossuary  | Entered an ossuary
  2866 | Ossuary  | Reached skill level 5 in Fighting
  3078 | D:4      | Reached skill level 7 in Axes
  3599 | D:5      | Entered Level 5 of the Dungeon
  3625 | D:5      | Reached skill level 8 in Axes
  3625 | D:5      | Reached XP level 8. HP: 54/68 MP: 7/7
  3789 | D:5      | Found a staircase to the Ecumenical Temple.
  3801 | Temple   | Entered the Ecumenical Temple
  3845 | Temple   | Became a worshipper of Nemelex Xobeh the Trickster
  3909 | D:5      | Found a blossoming altar of Fedhas.
  3971 | D:5      | Noticed Pikel
  3992 | D:5      | Killed Pikel
  3992 | D:5      | Reached skill level 9 in Axes
  4530 | D:5      | Received a gift from Nemelex Xobeh
  4726 | D:6      | Found Duhiavise's Weapon Shop.
  4991 | D:6      | Reached skill level 1 in Invocations
  5016 | D:6      | Reached XP level 9. HP: 55/75 MP: 7/9
  5041 | D:6      | Reached skill level 10 in Axes
  5136 | D:6      | Reached * piety under Nemelex Xobeh
  5265 | D:6      | Received a gift from Nemelex Xobeh
  5747 | D:7      | Found a flagged portal.
  5752 | Bailey   | Entered a bailey
  6211 | Bailey   | Noticed an orc knight
  6214 | Bailey   | Noticed an orc knight
  6223 | Bailey   | Mangled by an orc warrior

Skill      XL: |  1  2  3  4  5  6  7  8  9 |
---------------+----------------------------+-----
Fighting       | 4 5 6 7 |  7.1
Axes           | 3 4 5 8 9 10 | 10.5
Shields        | 4 5 6 7 |  7.7
Armour         | 4 5 6 7 |  7.7
Dodging        | 1 |  1.4
Invocations    | 1 3 |  3.6
Short Blades   | |  0.4
Stealth        | |  0.3

Action                   |  1- 3 |  4- 6 |  7- 9 || total
-------------------------+-------+-------+-------++-------
Melee: War axe           |   102 |    95 |   326 ||   523
       Headbutt          |    11 |    21 |    82 ||   114
       Short sword       |       |     9 |    13 ||    22
Evoke: Deck              |       |       |     3 ||     3
  Use: Scroll            |       |     5 |     8 ||    13
       Potion            |       |     1 |     3 ||     4
  Eat: Chunk             |       |     5 |     7 ||    12
       Meat ration       |       |       |     1 ||     1
       Fruit             |       |       |     1 ||     1
Armor: Scale mail        |    47 |       |       ||    47
       Plate armour      |     4 |    57 |   149 ||   210
Dodge: Dodged            |    30 |    11 |    68 ||   109
Block: Shield            |    53 |    50 |   170 ||   273
